 Dungeon Crawl Stone Soup version 0.27-a0-1325-g58a489ad9e (webtiles) character file.

Game seed: 10440400689900770825

147 bits the Grave Robber (level 5, -1/36 HPs)
             Began as a Mummy Necromancer on June 24, 2021.
             Slain by an orc (14 damage)
             ... on level 3 of the Dungeon.
             The game lasted 00:12:38 (3192 turns).

bits the Grave Robber (Mummy Necromancer)           Turns: 3192, Time: 00:12:39

Health: -1/36      AC:  6    Str: 11    XL:     5   Next: 7%
Magic:  6/11       EV: 12    Int: 16    God:
Gold:   58         SH:  0    Dex: 12    Spells: 8/12 levels left

rFire    x . .     SeeInvis .   b - +0 dagger
rCold    + . .     Faith    .   (no shield)
rNeg     + + +     Spirit   .   a - +0 robe
rPois    ∞         Reflect  .   (no helmet)
rElec    .         Harm     .   (no cloak)
rCorr    .         Rampage  .   c - +0 pair of gloves
Will     .....                  k - +2 pair of boots
Stlth    ++........             (no amulet)
HPRegen  0.12/turn              (no ring)
MPRegen  0.12/turn              (no ring)

@: no status effects
A: cold resistance 1, negative energy resistance 3, torment resistance 2, heat
vulnerability 1, no potions
a: no special abilities


You were on level 3 of the Dungeon.
You visited 1 branch of the dungeon, and saw 3 of its levels.

You collected 58 gold pieces.

Inventory:

Hand Weapons
 b - a +0 dagger (weapon)
Armour
 a - a +0 robe (worn)
 c - a +0 pair of gloves (worn)
 i - a +0 buckler
 k - a +2 pair of boots (worn)
Scrolls
 d - 4 scrolls of identify {unknown}
 e - a scroll of noise {unknown}
 f - a scroll of blinking {unknown}
 g - a scroll of teleportation {unknown}
 h - a scroll of fog {unknown}
 j - a scroll of immolation {unknown}
Potions
 l - a potion of lignification {unknown}


   Skills:
 + Level 0.3 Fighting
 + Level 0.4 Short Blades
 + Level 1.8 Dodging
 + Level 1.7 Stealth
 * Level 4.4 Spellcasting
 * Level 5.3 Necromancy


You had 8 spell levels left.
You knew the following spells:

 Your Spells              Type           Power      Damage    Failure   Level
a - Pain                  Necr           80%        1d8       1%          1
b - Vampiric Draining     Necr           10%        2d7       5%          3

Your spell library contained the following spells:

 Spells                   Type           Power      Damage    Failure   Level
 Animate Skeleton         Necr           40%        N/A       1%          1
 Animate Dead             Necr           10%        N/A       19%         4
 Agony                    Necr           20%        N/A       45%         5


Dungeon Overview and Level Annotations

Branches:
Dungeon (3/15)

Altars:
Xom


Innate Abilities, Weirdness & Mutations

You are immune to poison.
Your flesh is cold resistant. (rC+)
You are immune to negative energy. (rN+++)
You are immune to unholy pain and torment.
You are vulnerable to heat. (rF-)
You do not drink.


Message History

The orc wizard shouts!
Things that are here:
a +0 short sword; a +0 scale mail The orc wizard casts a spell at you.
You are confused.
Found a scroll labelled HEOTUSAEMME.
You see here a worm corpse.
You feel less confused. The orc wizard casts a spell at you.
The magic dart hits you but does no damage.
Aiming: Vampiric Draining (dangerous; 5% risk of failure)
Press: ? - help, Q - select action, (/) - cycle Shift-Dir - straight line, f - orc wizard
Aim: an orc wizard, wielding a +0 dagger and wearing a +0 robe You draw life force from the orc wizard!
You feel life coursing into your body.
The orc wizard hits you but does no damage.
You hit the orc wizard but do no damage.
The orc wizard is severely wounded.
The orc wizard casts a spell at you.
You are confused.
The orc wizard hits you with a +0 dagger.
You bump into the rock wall.
The orc wizard barely misses you.
You completely miss the orc wizard.
The orc wizard is severely wounded.
You hit the orc wizard.
The orc wizard is severely wounded.
The orc wizard hits you with a +0 dagger.
You're too confused to cast spells.
You're too confused to move!
The orc hits you but does no damage.
You are electrocuted!
The orc wizard hits you but does no damage.
You're too confused to cast spells.
You bump into the rock wall.
The orc hits you but does no damage. The orc wizard closely misses you.
You're too confused to cast spells.
You bump into the rock wall.
You feel less confused.
The orc hits you with a +2 hand axe of electrocution.
You are electrocuted!
You die...

♣#.###########
♣.##.#.......#
#.#....#####.#
♣###......#####.♣♣♣
.. ##
?..........#....♣♣P
... ..
#..........##♣♣PP
#.##.##
###.......####♣♣P.
......
#@o.......).))....
#...#
#o###....##.##♣♣P.
#...# #.# ##.#.##.#


♣PP #...####.## ###.##.# ♣♣P .## #.........# #.##.. ♣♣ ....###...####..# #.##..
................# #.##... ................# #.##... #......<........# #.# You
could see an orc wizard and an orc.

Vanquished Creatures
  An orc priest (D:3)
  An orc wizard (D:3)
  4 adders (D:2)
  2 worms
  An orc (D:3)
  3 ball pythons
  2 bats
  3 endoplasms
  4 giant cockroaches (D:1)
  6 goblins
  2 hobgoblins
  2 jackals (D:1)
  7 kobolds
  2 quokkas (D:1)
  A frilled lizard (D:2)
  9 rats
50 creatures vanquished.

Vanquished Creatures (others)
  2 plants (D:1)
2 creatures vanquished.

Grand Total: 52 creatures vanquished

Notes
Turn   | Place    | Note
-------+----------+-------------------------------------------
     0 | D:1      | bits the Mummy Necromancer began the quest for the Orb.
     0 | D:1      | Reached XP level 1. HP: 13/13 MP: 4/4
   104 | D:1      | Found a faded altar of an unknown god.
   261 | D:1      | Reached XP level 2. HP: 19/19 MP: 3/5
  1142 | D:1      | Reached XP level 3. HP: 24/24 MP: 2/7
  1147 | D:1      | Learned a level 3 spell: Vampiric Draining
  2294 | D:2      | Reached skill level 5 in Necromancy
  2294 | D:2      | Reached XP level 4. HP: 30/30 MP: 5/9
  2585 | D:2      | Found a shimmering altar of Xom.
  3090 | D:3      | Reached XP level 5. HP: 18/36 MP: 0/11
  3192 | D:3      | Slain by an orc

Illustrated notes

Levels and vault maps discovered:
D:1:      dpeg_arrival_long_road, layout_loops_ring,
          shapermc_ecumenical_altar_mp_ritualfount, corexii_leaking_fountain
D:2:      layout_basic, basic_altar, minmay_misc_feat_hallway,
          kennysheep_generic_room_11
D:3:      layout_loops_cross, serial_forest, infiniplex_forest_straight_2,
          infiniplex_forest_end_3, infiniplex_forest_straight_2,
          infiniplex_forest_clump_small, infiniplex_forest_fountain,
          infiniplex_forest_clump_medium, st_stairs_5, kennysheep_path_1,
          nrook_campfire

Skill      XL: |  1  2  3  4 |
---------------+-------------+-----
Spellcasting   | 3 4 |  4.4
Necromancy     | 5 |  5.3
Fighting       | |  0.3
Short Blades   | |  0.4
Dodging        | |  1.8
Stealth        | |  1.7

Action                   |  1- 3 |  4- 6 || total
-------------------------+-------+-------++-------
Melee: Unarmed           |     7 |       ||     7
       Dagger            |    62 |    42 ||   104
 Cast: Pain              |    48 |       ||    48
       Vampiric Draining |     9 |    10 ||    19
 Stab: Sleeping          |     1 |     1 ||     2
Armor: Robe              |    25 |    15 ||    40
Dodge: Dodged            |    52 |    19 ||    71

Table legend: (Time is in decaauts)
 A = Elapsed time spent in this place.
 B = Non-inter-level travel time spent in this place.
 C = Inter-level travel time spent in this place.
 D = Time resting spent in this place.
 E = Time spent auto-exploring this place.
 F = Levels seen in this place.
 G = Mean time per level.
                   A        B        C        D        E       F      G
               +--------+--------+--------+--------+--------+-----+--------+
         Total |   3196 |   3000 |    196 |    609 |   1279 |   3 | 1065.3 |
       Dungeon |   3196 |   3000 |    196 |    609 |   1279 |   3 | 1065.3 |
               +--------+--------+--------+--------+--------+-----+--------+

Top non-repeatable levels by time:
     D:2: 1472 daAuts
     D:1: 1471 daAuts
     D:3: 252 daAuts
